 Dungeon Crawl Stone Soup version 0.28.0-1-gb440e238dd (webtiles) character file.

Game seed: 15766922973953606506

74897 wootz the Brawler (level 15, -20/214 HPs)
             Began as a Troll Berserker on Feb 22, 2022.
             Was a Priest of Trog.
             Demolished by a stone giant (38 damage)
             ... on level 1 of the Depths.
             The game lasted 00:48:23 (20235 turns).

wootz the Brawler (Troll Berserker)                Turns: 20235, Time: 00:48:24

Health: -20/214    AC:  7    Str: 41    XL:     15   Next: 8%
Magic:  12/12      EV: 14    Int:  8    God:    Trog [***...]
Gold:   1030       SH:  0    Dex: 17    Spells: 14/14 levels left

rFire   . . .      SeeInvis .     - Unarmed
rCold   . . .      Faith    .   (no shield)
rNeg    + . .      Spirit   .   P - +0 troll leather armour
rPois   .          Reflect  .   (helmet restricted)
rElec   +          Harm     .   A - +0 cloak of Hopscotch {rElec Dex+2 Slay+3}
rCorr   .          Rampage  .   (gloves unavailable)
Will    ++++.                   (boots unavailable)
Stlth   ..........              H - amulet of Viymud {Acrobat Int+3 Stlth+}
HPRegen 3.05/turn               K - ring of Pessimism {rN+ Will+ Dex+6}
MPRegen 0.13/turn               G - ring of the Iron Devil {Str+6 Int+4}

@: berserking, strong-willed, regenerating, very quick
A: large, unfitting armour, claws 3, regeneration 1, shaggy fur 1, tough skin 1,
dopey 1, low MP 1
a: Renounce Religion, Berserk, Trog's Hand


You were on level 1 of the Depths.
You worshipped Trog.
Trog was most pleased with you.
You visited 2 branches of the dungeon, and saw 16 of its levels.
You also visited: Trove, Gauntlet and Ice Cave.

You collected 1162 gold pieces.
You spent 132 gold pieces at shops.

Inventory:

Hand Weapons
 e - a +0 giant spiked club of freezing
 t - a +0 demon blade of flaming
 C - the +8 hunting sling "Ylorgh" {vorpal, rPois Str+2}
   (You took it off a minotaur in a Gauntlet)

   Any ammunition fired from it inflicts extra damage upon your enemies.
   Str:       It affects your strength (+2).
   rPois:     It protects you from poison.
Missiles
 j - 2 throwing nets
Armour
 q - a scarf of harm
 z - +0 acid dragon scales
 A - the +0 cloak of Hopscotch (worn) {rElec Dex+2 Slay+3}
   (You found it in a Gauntlet)

   Dex:       It affects your dexterity (+2).
   Slay:      It affects your accuracy & damage with ranged weapons and melee
   (+3).
   rElec:     It insulates you from electricity.
 P - a +0 troll leather armour (worn)
Jewellery
 i - an amulet of magic regeneration
 u - a ring of protection from cold
 x - a +4 ring of evasion
 B - the ring "Jatosargh" {Fly rF+ Int+4}
   (You found it in a treasure trove)

   [ring of flight]

   Int:       It affects your intelligence (+4).
   rF:        It protects you from fire.
   Fly:       It grants you flight.
 G - the ring of the Iron Devil (right claw) {Str+6 Int+4}
   (You found it in a treasure trove)

   [ring of strength]

   Str:       It affects your strength (+6).
   Int:       It affects your intelligence (+4).
 H - the amulet of Viymud (around neck) {Acrobat Int+3 Stlth+}
   (You found it in a treasure trove)

   [amulet of the acrobat]

   It increases your evasion while moving and waiting.
   Int:       It affects your intelligence (+3).
   Stlth:     It makes you more stealthy.
 K - the ring of Pessimism (left claw) {rN+ Will+ Dex+6}
   (You found it in a treasure trove)

   [ring of dexterity]

   Dex:       It affects your dexterity (+6).
   rN:        It protects you from negative energy.
   Will:      It increases your willpower.
 L - a +4 ring of evasion
 M - the ring "Ylovikiu" {rElec rCorr Str+6 Int+3 Slay+2 Stlth-}
   (You found it in a treasure trove)

   [ring of strength]

   Str:       It affects your strength (+6).
   Int:       It affects your intelligence (+3).
   Slay:      It affects your accuracy & damage with ranged weapons and melee
   (+2).
   rElec:     It insulates you from electricity.
   rCorr:     It protects you from acid and corrosion.
   Stlth:     It makes you less stealthy.
 O - an amulet of the acrobat
Wands
 a - a wand of charming (15)
 l - a wand of polymorph (7)
 s - a wand of mindburst (26)
 v - a wand of flame (26)
 D - a wand of paralysis (4)
Scrolls
 b - a scroll of fear {unknown}
 c - 8 scrolls of identify
 d - 2 scrolls of magic mapping
 f - 2 scrolls of noise
 h - 2 scrolls of brand weapon
 m - 2 scrolls of fog
 n - 2 scrolls of blinking
 r - 5 scrolls of enchant weapon
 y - 2 scrolls of teleportation
 E - 2 scrolls of holy word {unknown}
Potions
 g - a potion of berserk rage
 k - 6 potions of curing
 o - 3 potions of flight
 p - a potion of invisibility
 w - 3 potions of heal wounds
 F - 2 potions of haste {unknown}
 I - 2 potions of cancellation
 J - 3 potions of mutation
 N - a potion of might {unknown}


   Skills:
 + Level 7.9 Fighting
 + Level 1.2 Maces & Flails
 + Level 9.3 Dodging
 + Level 6.6 Stealth
 + Level 20.7 Unarmed Combat


You had 14 spell levels left.
You didn't know any spells.
Your spell library was empty.

Dungeon Overview and Level Annotations

Branches:
Dungeon (15/15)            Temple (0/1) D:7            Lair (0/6) D:9
    Orc (0/2) D:11         Vaults (0/5) D:13         Depths (1/4) D:15
  IceCv (visited)         Gauntlet (visited)

Altars:
Cheibriados
Elyvilon
Fedhas
Gozag
Hepliaklqana
Makhleb
Nemelex Xobeh
Qazlal
Ru
Sif Muna
Trog
Vehumet
Xom
Yredelemnul
Zin
Beogh

Shops:
D:1 [(*   D:6 (   D:9 *   D:13 *   Depths:1 :?[


Innate Abilities, Weirdness & Mutations

You are too large for most types of armour.
You have claws for hands.
Your natural rate of healing is unusually fast.
You are covered in fur. (AC +1)
You have tough skin. (AC +1)
You are dopey. (Int -2)
Your magical capacity is low. (-10% MP)


Message History

You see here a deep troll corpse.
You eviscerate the deep troll!!!
The deep troll is almost dead.
The deep troll earth mage casts a spell next to you.
Some rock shatters into small pieces.
You barely miss the deep troll.
The deep troll is almost dead.
The deep troll bites you!! The deep troll misses you.
The deep troll barely misses you.
The rakshasa weaves an illusion.
The stone giant shimmers and seems to become two!
You eviscerate the deep troll!!!
You kill the deep troll!
Trog accepts your kill. The deep troll bites you!
The deep troll claws you but does no damage. x2
The deep troll earth mage points next to you and mumbles some strange words.
The metal wall shatters!
The blast of metal fragments hits you!!!
* * * LOW HITPOINT WARNING * * *
The vampire knight casts a spell.
The vampire knight seems to speed up.
A red film seems to cover your vision as you go berserk!
You feel yourself moving faster!
You feel mighty!
You eviscerate the deep troll earth mage!!!
The deep troll earth mage is almost dead.
You closely miss the deep troll earth mage.
You claw the deep troll earth mage.
You kill the deep troll earth mage!
Trog accepts your kill.
Trog appreciates your killing of a magic user.
The vampire knight casts a spell.
The vampire knight flickers and vanishes!
Deactivating autopickup; reactivate with Ctrl-A.
You claw the stone giant!
The stone giant is lightly wounded.
You completely miss the stone giant.
The stone giant is lightly wounded.
The stone giant hits you!!!
You die...

..+.. .#.. .#.#
#####..# R#......#
.'......# #.R....#
.#
#+##...#######...#
#.......TCC@.....#
#......R{T##+#####
##.#....#T
#.#......
##.##...#.
#...#....#
#######.#######
.....#...#.....
#.....∩...(.#


You could see 2 stone giants, a rakshasa and 2 deep trolls.

Vanquished Creatures
  Rupert (D:14)
  Agnes (D:15)
  A fire giant (Depths:1)
  A vampire knight (Depths:1)
  A minotaur (Gauntlet)
  An ettin (D:15)
  A yaktaur captain (D:10)
  Harold (D:7)
  2 rakshasas
  A hydra (D:12)
  3 vault guards (D:13)
  2 boulder beetles
  An ogre mage (D:15)
  2 ironbound frosthearts (IceCv)
  6 centaur warriors
  8 two-headed ogres
  2 tengu warriors
  A deep troll earth mage (Depths:1)
  2 death yaks (IceCv)
  A deep troll shaman (Depths:1)
  3 hell knights (Depths:1)
  A fire crab (Gauntlet)
  2 iron trolls (Depths:1)
  5 skeletal warriors
  5 deep trolls
  3 wizards (D:15)
  3 ugly things
  8 necromancers
  4 cyclopes
  A worldbinder (Gauntlet)
  3 manticores
  An ice statue (IceCv)
  4 gargoyles
  A cane toad (shapeshifter) (D:14)
  A rime drake (IceCv)
  2 yaktaurs (D:15)
  An unseen horror (D:10)
  2 komodo dragons
  A kobold demonologist (D:14)
  An efreet (D:10)
  Prince Ribbit (D:8)
  3 trolls
  12 polar bears (IceCv)
  Grinder (D:4)
  13 slime creatures
  6 shadows
  Sigmund (D:3)
  2 water elementals (D:15)
  2 vampires
  A basilisk (D:14)
  2 wyverns
  2 wraiths
  4 fire bats (Gauntlet)
  The ghost of a3don the Chopper, an amateur PaMo of Elyvilon (D:4)
  Grum (D:8)
  38 yaks
  17 humans (D:13)
  The ghost of Jingleheimer the Insei, an amateur DsTm (D:3)
  2 steam dragons
  7 vampire mosquitoes
  2 water moccasins
  An acid dragon (D:10)
  2 hell hounds (Gauntlet)
  A sky beast (D:6)
  3 orc warriors
  A black bear (D:6)
  A black bear (shapeshifter) (D:13)
  3 necrophages
  16 wolves
  2 boggarts (Gauntlet)
  6 ogres
  21 centaurs
  2 phantoms
  A kobold brigand (D:4)
  4 bullfrogs
  A wyvern zombie (D:4)
  3 scorpions
  A gnoll sergeant (D:12)
  2 two-headed ogre simulacra (D:11)
  10 killer bees
  A troll zombie (D:11)
  7 wights (D:9)
  4 howler monkeys
  An electric eel (D:8)
  3 centaur zombies
  3 bullfrog zombies
  A hound (D:6)
  A jelly (D:4)
  3 orc priests
  A gnoll shaman (D:9)
  A centaur skeleton (D:5)
  Ijyb (D:3)
  An iguana (D:5)
  7 orc wizards
  3 killer bee zombies
  5 ogre zombies (D:11)
  A hound zombie (D:5)
  Robin (D:2)
  4 adders
  10 gnolls
  A howler monkey zombie (D:10)
  A howler monkey skeleton (D:6)
  2 naga simulacra (D:11)
  A shadow imp (D:6)
  2 white imps
  An ufetubus (D:4)
  A worm (D:3)
  4 dart slugs
  17 orcs
  9 bats
  An endoplasm (D:1)
  3 giant cockroaches
  9 goblins
  9 hobgoblins
  8 jackals
  16 kobolds
  2 quokkas
  6 ball pythons
  3 frilled lizards (D:1)
  2 goblin zombies (D:11)
  A hobgoblin zombie (D:11)
  An orc skeleton (D:11)
  15 orc zombies (D:11)
  11 rats
476 creatures vanquished.

Vanquished Creatures (collateral kills)
  2 polar bears (IceCv)
  A yak (D:9)
  3 water moccasins
  A black bear (D:9)
  A sky beast (D:6)
  2 scorpions (D:9)
  A wight (D:9)
  An orc priest (D:6)
  3 orcs (D:6)
15 creatures vanquished.

Vanquished Creatures (others)
  43 fungi (D:9)
  59 plants
102 creatures vanquished.

Grand Total: 593 creatures vanquished

Notes
Turn   | Place    | Note
-------+----------+-------------------------------------------
     0 | D:1      | wootz the Troll Berserker began the quest for the Orb.
     0 | D:1      | Reached XP level 1. HP: 22/22 MP: 0/0
   129 | D:1      | Found Raom's Armour Boutique.
   138 | D:1      | Reached XP level 2. HP: 29/29 MP: 1/1
   155 | D:1      | Found Narom's Antique Weapon Shop.
   443 | D:1      | Reached ** piety under Trog
   444 | D:1      | Reached XP level 3. HP: 36/36 MP: 2/2
   560 | D:1      | Found Iminy's General Store.
   620 | D:1      | Found a faded altar of an unknown god.
  1282 | D:2      | Noticed Robin
  1328 | D:2      | Reached skill level 4 in Unarmed Combat
  1333 | D:2      | Killed Robin
  1334 | D:2      | Reached XP level 4. HP: 44/44 MP: 3/3
  1440 | D:2      | Lost intelligence.
  1612 | D:3      | Found a runed translucent gate.
  1612 | D:3      | Found a runed translucent gate.
  1615 | D:3      | Found a runed translucent gate.
  1615 | D:3      | Noticed Jingleheimer's ghost (amateur DsTm)
  1617 | D:3      | Identified the +3 scale mail "Larosap" {rN+ Int+3 Dex+2}
  1639 | D:3      | Found a stormy altar of Qazlal.
  1728 | D:3      | Noticed Sigmund
  1734 | D:3      | Killed Sigmund
  1735 | D:3      | Reached skill level 5 in Unarmed Combat
  1735 | D:3      | Reached XP level 5. HP: 53/53 MP: 4/4
  2130 | D:3      | Noticed Ijyb
  2139 | D:3      | Killed Ijyb
  2140 | D:3      | Reached skill level 1 in Stealth
  2140 | D:3      | Reached XP level 6. HP: 61/61 MP: 3/5
  2579 | D:3      | Killed Jingleheimer's ghost
  2783 | D:4      | Noticed Grinder
  2789 | D:4      | Paralysed by Grinder for 5 turns
  2800 | D:4      | Paralysed by Grinder for 6 turns
  2838 | D:4      | Killed Grinder
  2839 | D:4      | Reached skill level 6 in Unarmed Combat
  2839 | D:4      | Reached XP level 7. HP: 67/67 MP: 4/6
  3579 | D:4      | Reached *** piety under Trog
  3591 | D:4      | Found a runed translucent gate.
  3591 | D:4      | Found a runed translucent gate.
  3592 | D:4      | Found a runed translucent gate.
  3613 | D:4      | Noticed a3don's ghost (amateur PaMo)
  3897 | D:4      | Reached skill level 7 in Unarmed Combat
  3905 | D:4      | Killed a3don's ghost
  3906 | D:4      | Reached XP level 8. HP: 75/75 MP: 5/7
  4081 | D:5      | Entered Level 5 of the Dungeon
  4380 | D:5      | Reached skill level 8 in Unarmed Combat
  5111 | D:6      | Identified the +0 leather armour of Beyond {Dex+3}
  5132 | D:6      | Reached skill level 9 in Unarmed Combat
  5176 | D:6      | Reached skill level 5 in Dodging
  5223 | D:6      | You fall into a shaft and drop 1 floor!
  5314 | D:6      | Noticed a two-headed ogre
  5321 | D:6      | Killed a two-headed ogre
  5322 | D:6      | Reached XP level 9. HP: 63/84 MP: 3/8
  5334 | D:6      | Reached skill level 10 in Unarmed Combat
  5522 | D:6      | Found a sparkling altar of Nemelex Xobeh.
  5601 | D:6      | Noticed a two-headed ogre
  5607 | D:6      | Killed a two-headed ogre
  5608 | D:6      | Reached skill level 11 in Unarmed Combat
  5640 | D:6      | Found Marrou's Antique Weapon Shoppe.
  5841 | D:6      | Found a shimmering blue altar of Sif Muna.
  5939 | D:7      | Gained mutation: You are weak. (Str -2) [potion of
                  | mutation]
  5939 | D:7      | Gained mutation: You have a pair of small antennae on your
                  | head. [potion of mutation]
  6001 | D:7      | Found a staircase to the Ecumenical Temple.
  6022 | D:7      | Identified the +1 plate armour "Yduofil" {+Inv rElec rN++
                  | Int-3}
  6029 | D:7      | Reached XP level 10. HP: 76/94 MP: 6/9
  6185 | D:7      | Noticed Harold
  6200 | D:7      | Killed Harold
  6239 | D:7      | Found a burning altar of Makhleb.
  6241 | D:7      | Noticed an Executioner
  6520 | D:7      | Found a radiant altar of Vehumet.
  6803 | D:8      | Reached **** piety under Trog
  6811 | D:8      | Noticed Grum
  6817 | D:8      | Killed Grum
  6818 | D:8      | Reached skill level 12 in Unarmed Combat
  6874 | D:8      | Found a bloodstained altar of Trog.
  6880 | D:8      | Found a snail-covered altar of Cheibriados.
  7038 | D:8      | Noticed Prince Ribbit
  7045 | D:8      | Killed Prince Ribbit
  7117 | D:8      | Reached skill level 5 in Fighting
  7503 | D:8      | Noticed a cyclops
  7794 | D:8      | Found a hazy altar of Hepliaklqana.
  7795 | D:8      | Found a shimmering altar of Xom.
  7939 | D:9      | Found a white marble altar of Elyvilon.
  8051 | D:9      | Found a staircase to the Lair.
  8074 | D:9      | Reached skill level 13 in Unarmed Combat
  8173 | D:9      | Found a sacrificial altar of Ru.
  8315 | D:9      | Found Feuhyab's Elemental Accessories.
  8450 | D:9      | Reached XP level 11. HP: 104/104 MP: 10/10
  8689 | D:9      | Found a blossoming altar of Fedhas.
  9190 | D:9      | Found a basalt altar of Yredelemnul.
  9336 | D:10     | Entered Level 10 of the Dungeon
  9472 | D:10     | HP: 3/104 [efreet (6)]
  9475 | D:10     | Noticed a two-headed ogre
  9937 | D:10     | Killed a two-headed ogre
  9986 | D:10     | Reached skill level 14 in Unarmed Combat
 10002 | D:10     | Noticed a yaktaur captain
 10003 | D:10     | Noticed a tengu warrior
 10009 | D:10     | Killed a yaktaur captain
 10015 | D:10     | Killed a tengu warrior
 10226 | D:10     | Reached ***** piety under Trog
 10450 | D:10     | Found an opulent altar of Gozag.
 10698 | D:10     | Found a glowing silver altar of Zin.
 10961 | D:11     | Found a staircase to the Orcish Mines.
 10996 | D:11     | Received a gift from Trog
 11070 | D:11     | Noticed a two-headed ogre
 11071 | D:11     | Reached skill level 15 in Unarmed Combat
 11071 | D:11     | Found a frozen archway.
 11085 | D:11     | Killed a two-headed ogre
 11086 | D:11     | Reached XP level 12. HP: 114/114 MP: 9/11
 11247 | IceCv    | Entered an ice cave
 11341 | IceCv    | Noticed a death yak
 11341 | IceCv    | Noticed a death yak
 11381 | IceCv    | Killed a death yak
 11383 | IceCv    | Killed a death yak
 11909 | IceCv    | Reached skill level 16 in Unarmed Combat
 12820 | IceCv    | Noticed an ironbound frostheart
 12820 | IceCv    | Noticed an ironbound frostheart
 12852 | IceCv    | Killed an ironbound frostheart
 13088 | IceCv    | Killed an ironbound frostheart
 13089 | IceCv    | Reached skill level 17 in Unarmed Combat
 13447 | D:11     | Found a portal to a secret trove of treasure.
 13454 | Trove    | Entered a treasure trove
 13454 | Trove    | Found the necklace of Bloodlust {*Rage Will++ Int-3 Slay+6}
 13456 | Trove    | Identified the ring "Cuta" {Fire rElec Int-4 Dex+7 SInv}
 13458 | Trove    | Identified the ring "Jatosargh" {Fly rF+ Int+4}
 13460 | Trove    | Identified the amulet "Gagheush" {Faith rC+ Str+2}
 13469 | Trove    | Identified the ring of the Iron Devil {Str+6 Int+4}
 13472 | Trove    | Identified the amulet of Viymud {Acrobat Int+3 Stlth+}
 13478 | Trove    | Identified the ring of Pessimism {rN+ Will+ Dex+6}
 13483 | Trove    | Identified the ring "Ylovikiu" {rElec rCorr Str+6 Int+3
                  | Slay+2 Stlth-}
 14005 | D:12     | Reached XP level 13. HP: 123/123 MP: 12/12
 14367 | D:12     | Reached skill level 5 in Stealth
 14404 | D:12     | Reached * piety under Trog
 15194 | D:13     | Reached skill level 18 in Unarmed Combat
 15248 | D:13     | Reached skill level 1 in Maces & Flails
 15431 | D:13     | Found a gate leading to a gauntlet.
 15442 | D:13     | Found Afyof's Assorted Antiques.
 15449 | Gauntlet | Entered a Gauntlet
 15449 | Gauntlet | Found a transporter.
 15449 | Gauntlet | Found a runed translucent door.
 15449 | Gauntlet | Found a runed translucent door.
 15456 | Gauntlet | Found a transporter.
 15458 | Gauntlet | Found a transporter.
 15467 | Gauntlet | Found a runed translucent door.
 15469 | Gauntlet | Found a transporter.
 15471 | Gauntlet | Found a transporter.
 15476 | Gauntlet | Noticed an entropy weaver
 15480 | Gauntlet | Found a transporter.
 15495 | Gauntlet | Found a transporter.
 15497 | Gauntlet | Noticed a reaper
 15507 | Gauntlet | Found a transporter.
 15519 | Gauntlet | Found a transporter.
 15524 | Gauntlet | Found a transporter.
 15551 | Gauntlet | Found a runed translucent gate.
 15552 | Gauntlet | Found a runed translucent gate.
 15552 | Gauntlet | Found a transporter.
 15552 | Gauntlet | Found a transporter.
 15553 | Gauntlet | Found a runed translucent gate.
 15605 | Gauntlet | Found a transporter.
 15608 | Gauntlet | Found a transporter.
 16122 | Gauntlet | Identified the +0 cloak of Hopscotch {rElec Dex+2 Slay+3}
 16183 | Gauntlet | Identified the +8 hunting sling "Ylorgh" {vorpal, rPois
                  | Str+2}
 16183 | Gauntlet | Noticed a minotaur
 16188 | Gauntlet | Killed a minotaur
 16930 | D:13     | Found a gate to the Vaults.
 17597 | D:13     | Lost mutation: You have a pair of small antennae on your
                  | head. [potion of mutation]
 17597 | D:13     | Lost mutation: You are weak. (Str -2) [potion of mutation]
 17597 | D:13     | Gained mutation: Your magical capacity is low. (-10% MP)
                  | [potion of mutation]
 17597 | D:13     | Gained mutation: You are dopey. (Int -2) [potion of
                  | mutation]
 17636 | D:13     | Reached XP level 14. HP: 99/133 MP: 11/11
 17986 | D:14     | Reached skill level 19 in Unarmed Combat
 18348 | D:14     | Noticed Rupert
 18361 | D:14     | Killed Rupert
 18498 | D:15     | Entered Level 15 of the Dungeon
 18583 | D:15     | Noticed Agnes
 18599 | D:15     | Killed Agnes
 18652 | D:15     | Found a staircase to the Depths.
 19439 | D:15     | Reached skill level 20 in Unarmed Combat
 19655 | Depths:1 | Entered Level 1 of the Depths
 20068 | Depths:1 | Noticed a vampire knight
 20079 | Depths:1 | Killed a vampire knight
 20098 | Depths:1 | Found Wuffom's Antique Armour Emporium.
 20111 | Depths:1 | Noticed a fire giant
 20130 | Depths:1 | Killed a fire giant
 20131 | Depths:1 | Reached XP level 15. HP: 108/143 MP: 12/12
 20134 | Depths:1 | Found Ilip's Magic Scroll Shoppe.
 20193 | Depths:1 | Found Sips's Book Emporium.
 20202 | Depths:1 | Bought a scroll of teleportation for 66 gold pieces
 20202 | Depths:1 | Bought a scroll of teleportation for 66 gold pieces
 20230 | Depths:1 | HP: 7/143 [deep troll earth mage/blast of metal fragments
                  | (54)]
 20235 | Depths:1 | Demolished by a stone giant

Illustrated notes

Levels and vault maps discovered:
D:1:      amcnicky_arrival_gap_in_the_tavern_cellar, layout_basic, serial_shops,
          nicolae_shop_crystal, shop_statue, shop,
          shapermc_ecumenical_altar_mp_urbaneastern, minmay_rat_gold_closets
D:2:      layout_basic, kennysheep_cross_room, uniq_robin
D:3:      layout_basic, mainiacjoe_overflow_concentric_impassable,
          serial_curves, eino_curves_04, eino_curves_01, eino_curves_01,
          biasface_ghost_orc_armoury, uniq_ijyb, uniq_sigmund
D:4:      cheibrodos_thug_alley, layout_gridville, gammafunk_ghost_necromancy,
          uniq_grinder
D:5:      wad_crossroads, layout_loops_ring
D:6:      layout_rooms, led_sif_pool, nemelex_spade_bored_becter,
          chequers_serial_rivers_small_a, st_stairs_2, nicolae_wooded_promenade
D:7:      layout_loops_cross, makhleb_altar_promises_db,
          nicolae_overflow_hidden_temple, minmay_temple_entry_antechambers,
          serial_rivers, chequers_serial_rivers_marsh,
          chequers_serial_rivers_large_b, chequers_serial_rivers_small_a,
          chequers_serial_rivers_small_a, uniq_harold
D:8:      layout_loops_corners, regret_index_temple_of_mockery,
          nicolae_overflow_squiral, lightli_corner_chamber, uniq_grum,
          uniq_prince_ribbit1
D:9:      layout_layer_cave, fedhas_altar_fruit_tree,
          nicolae_ru_great_annihilating_truth, kennysheep_ying_yang,
          due_lair_maze_entry_diamond, nicolae_elemental_shop
D:10:     nzn_winding_woodlands_medium [nzn_winding_woodlands_5x5_default,
          nzn_winding_woodlands_5x15_crooked,
          nzn_winding_woodlands_5x5_open_star, nzn_winding_woodlands_hourglass,
          nzn_winding_woodlands_center_diamonds,
          nzn_winding_woodlands_5x5_default,
          nzn_winding_woodlands_5x5_perimeter,
          nzn_winding_woodlands_5x15_split_checker,
          nzn_winding_woodlands_5x5_cross], layout_stronghold,
          lemuel_doored_altar, mainiacjoe_overflow_six_doors_small,
          minivault_19, grunt_ministairs_4, serial_park_tiny_1
D:11:     layout_basic, zombieorc1_lemuel, nicolae_trove_entry_crossroad,
          portal_ice_cave_entry_ice_simulacra, grunt_decor_fettered,
          hangedman_decor_points
D:12:     layout_loops_ring
D:13:     layout_loops_ring, grunt_vaults_entry_tiered, gauntlet_entry_generic,
          serial_shops, nicolae_shop_behind_doors, minmay_holes,
          nicolae_twisting_strands
D:14:     layout_layer_cave, minmay_door_square, uniq_rupert
D:15:     hangedman_depths_entry_civil_slaughter, layout_loops_ring,
          serial_bayou_lagoon_a, grunt_decor_cap, uniq_agnes
Depths:1: minmay_three_patterns, layout_honeycomb, hellmouth_1,
          nrook_mini_vaults, lightli_fourway_metalbox, minmay_shop_star

Skill      XL: |  1  2  3  4  5  6  7  8  9 10 11 12 13 14 |
---------------+-------------------------------------------+-----
Unarmed Combat | 4 5 6 7 9 11 13 15 17 18 20 | 20.7
Dodging        | 3 4 5 6 7 8 9 |  9.3
Fighting       | 3 4 5 6 7 |  7.9
Stealth        | 1 2 3 4 5 6 |  6.6
Maces & Flails | 1 |  1.2

Action                   |  1- 3 |  4- 6 |  7- 9 | 10-12 | 13-15 || total
-------------------------+-------+-------+-------+-------+-------++-------
Melee: Unarmed           |   126 |    62 |   147 |   429 |   404 ||  1168
       Punch             |     1 |     1 |     1 |    29 |    65 ||    97
       Giant spiked club |       |       |       |       |     2 ||     2
Invok: Berserk           |     1 |     5 |     7 |    19 |    20 ||    52
       Trog's Hand       |       |       |       |     1 |     1 ||     2
       Brothers in Arms  |       |       |       |     1 |       ||     1
  Use: Scroll            |     3 |       |     7 |     7 |     6 ||    23
       Potion            |       |     2 |     8 |     6 |     1 ||    17
 Stab: Sleeping          |     2 |     2 |     3 |     7 |    12 ||    26
       Invisible         |       |       |     1 |       |       ||     1
       Paralysed         |       |       |       |     1 |       ||     1
       Distracted        |       |       |       |       |     5 ||     5
Armor: Animal skin       |    53 |    18 |    24 |       |       ||    95
       Skin              |       |     2 |       |       |       ||     2
       Steam dragon scal |       |       |       |    55 |       ||    55
       Troll leather arm |       |       |       |    71 |    71 ||   142
Dodge: Dodged            |    59 |    25 |    70 |   226 |   254 ||   634
